 Dungeon Crawl Stone Soup version 0.20-a0-553-g9f38e11 (webtiles) character file.

94 nikopol the Skirmisher (level 4, -1/29 HPs)
             Began as a Gargoyle Berserker on Feb 3, 2017.
             Was a Believer of Trog.
             Killed from afar by an orc wizard (8 damage)
             ... with a magic dart
             ... on level 3 of the Dungeon.
             The game lasted 00:03:18 (1734 turns).

nikopol the Skirmisher (Gargoyle Berserker)         Turns: 1734, Time: 00:03:19

Health: -1/29      AC:  8    Str: 25    XL:     4   Next: 63%
Magic:  4/4        EV: 12    Int:  7    God:    Trog [**....]
Gold:   31         SH:  0    Dex: 10    Spells: 3/3 levels left

rFire    . . .     SeeInvis .   a - +0 hand axe
rCold    . . .     Gourm    .   b - +0 animal skin
rNeg     + . .     Faith    .   (no shield)
rPois    ∞         Spirit   .   (no helmet)
rElec    +         Reflect  .   k - +0 cloak
rCorr    .         Harm     .   d - +0 pair of gloves
MR       .....                  (no boots)
Stlth    +.........             (no amulet)
Regen    0.1/turn               (no ring)
                                l - +4 ring of strength

@: confused, slowed, very slow
A: negative energy resistance 1, electricity resistance, unbreathing,
petrification resistance, rot immunity, AC +3
a: Berserk, Trog's Hand, Burn Spellbooks, Renounce Religion


You were on level 3 of the Dungeon.
You worshipped Trog.
Trog was pleased with you.
You were hungry.

You visited 1 branch of the dungeon, and saw 3 of its levels.

You collected 31 gold pieces.

Inventory:

Hand Weapons
 a - a +0 hand axe (weapon)
Missiles
 h - 58 arrows (quivered)
Armour
 b - a +0 animal skin (worn)
 d - a +0 pair of gloves (worn)
 k - a +0 cloak (worn)
Jewellery
 l - a +4 ring of strength (left hand)
Scrolls
 m - a scroll of recharging {unknown}
 p - 2 scrolls of teleportation {unknown}
 s - a scroll of identify {unknown}
Potions
 e - a potion of degeneration {unknown}
 g - a potion of mutation {unknown}
 i - a potion of might {unknown}
 j - a potion of invisibility {unknown}
 n - a potion of resistance {unknown}
 q - a potion of ambrosia
 r - a potion of curing {unknown}
 t - a potion of lignification {unknown}
Comestibles
 c - 3 bread rations
 o - a meat ration
 u - a royal jelly


   Skills:
 + Level 4.0 Fighting
 * Level 3.3 Axes
 + Level 3.1 Armour
 + Level 2.2 Dodging


You had 3 spell levels left.
You didn't know any spells.

Dungeon Overview and Level Annotations

Branches:
Dungeon (3/15)

Altars:
Makhleb


Innate Abilities, Weirdness & Mutations

You are resistant to torment.
Your stone body is resilient. (AC +3)
You are immune to poison.
You resist negative energy. (rN+)
You are resistant to electric shocks. (rElec)
You can survive without breathing.
You are immune to petrification.
You are immune to rotting.


Message History

The orc wizard is almost dead.
The orc wizard points at you and mumbles some strange words.
You resist with some effort.
The orc wizard hits you but does no damage.
The orc shouts!
The orc priest shouts!
You hit the orc wizard but do no damage.
The orc wizard is almost dead.
The orc wizard casts a spell.
The orc wizard blinks!
The orc priest invokes the aid of Beogh against you.
Beogh smites you!
* * * LOW HITPOINT WARNING * * *
The orc wizard mumbles some strange words.
The orc wizard blinks!
It was a potion of ambrosia.
You are confused.
You feel invigorated.
The orc wizard points at you and mumbles some strange words.
The magic dart hits you!
You die...

### .. .#
#######.#
#......§####
#...o..!...
#....(..#
#...)@#.# .#
##.#...#.#.###.# #
..o.[..).....#.#.#
..o#.#.#†#.#.#.#.#
. # #.#.#.# ....
#.#.#.###.#
#.#.#.....#
........#..#
##.######..#


You could see an orc priest, an orc wizard and an orc.

Vanquished Creatures
  5 adders (D:2)
  A worm (D:2)
  A dart slug (D:1)
  A leopard gecko (D:2)
  2 orcs (D:3)
  A giant cockroach (D:2)
  3 goblins (D:1)
  6 hobgoblins
  2 jackals (D:1)
  2 ball pythons
  2 bats (D:1)
  2 frilled lizards
  10 kobolds
  8 rats
46 creatures vanquished.

Notes
Turn   | Place    | Note
-------+----------+-------------------------------------------
     0 | D:1      | nikopol the Gargoyle Berserker began the quest for the Orb.
     0 | D:1      | Reached XP level 1. HP: 14/14 MP: 1/1
    34 | D:1      | Reached XP level 2. HP: 11/19 MP: 2/2
   931 | D:1      | Reached XP level 3. HP: 24/24 MP: 3/3
  1087 | D:2      | Reached ** piety under Trog
  1191 | D:2      | Found a burning altar of Makhleb.
  1258 | D:2      | Reached XP level 4. HP: 29/29 MP: 4/4
  1278 | D:2      | Reached skill level 4 in Fighting
  1733 | D:3      | HP: 1/29 [orc priest/divine providence (13)]
  1734 | D:3      | Killed from afar by an orc wizard

Vault maps used:
D:1:      minmay_arrival_five_plusses
D:2:      serial_forest, infiniplex_forest_lined_room_2,
          infiniplex_forest_clump_small, infiniplex_forest_end_1,
          infiniplex_forest_clump_cross, infiniplex_forest_end_2,
          infiniplex_forest_lined_ring, infiniplex_forest_end_1, bloody_makhleb
D:3:      uniq_natasha, uniq_robin

Skill      XL: |  1  2  3  4 |
---------------+-------------+-----
Axes           | 3 |  3.3
Dodging        | 2 |  2.2
Fighting       | 4 |  4.0
Armour         | 3 |  3.1

Action                   |  1- 3 |  4- 6 || total
-------------------------+-------+-------++-------
Melee: Hand axe          |   101 |    51 ||   152
  Use: Potion            |       |     1 ||     1
  Eat: Chunk             |     1 |     1 ||     2
Armor: Animal skin       |    39 |    26 ||    65
Dodge: Dodged            |    67 |    26 ||    93
